Map: Bel'Shir Vestige LE (Void)

Players

MaNa

  • Race: Protoss Protoss
  • Spawn Location: 5:00

SpeCial - Winner!

  • Race: Terran Terran
  • Spawn Location: 11:00

Event: WCS Austin 2017

VOD

Have the link to the VOD?

Description

Time

  • Played on: April 28, 2017, 10:05 p.m.
  • Length: 13:45

All games in this series

Show
View Real Time Build Order
Export as new Build Order

MaNa Protoss 

Build Orders: Oracle Opening 

Get SALT Encoding   

  12  0:00  Probe (Chrono Boost)  
  13  0:11  Probe (Chrono Boost)  
  14  0:18  Pylon  
  14  0:21  Probe (Chrono Boost)  
  15  0:36  Probe (Chrono Boost), Gateway  
  16  0:47  Probe (Chrono Boost)  
  16  0:48  Assimilator  
  17  0:57  Probe (Chrono Boost)  
  17  0:59  Assimilator  
  18  1:08  Probe (Chrono Boost)  
  19  1:19  Probe (Chrono Boost)  
  19  1:24  Cybernetics Core  
  20  1:29  Probe (Chrono Boost)  
  20  1:30  Pylon  
  22  1:40  Probe (Chrono Boost)  
  22  1:50  Probe (Chrono Boost)  
  23  1:56  Nexus  
  24  2:08  Stargate  
  23  2:09  Adept  
  23  2:13  Warp Gate  
  26  2:15  Probe (Chrono Boost)  
  26  2:27  Probe (Chrono Boost)  
  27  2:34  Pylon  
  27  2:35  Adept  
  29  2:38  Probe (Chrono Boost)  
  30  2:50  Probe (Chrono Boost)  
  31  2:52  Oracle  
  34  3:02  Probe (Chrono Boost), Adept  
  38  3:14  Probe x2 (Chrono Boost)  
  39  3:20  Gateway  
  39  3:24  Gateway  
  39  3:26  Probe (Chrono Boost)  
  41  3:27  Probe (Chrono Boost)  
  41  3:38  Probe x2 (Chrono Boost)  
  43  3:44  Pylon  
  43  3:48  Probe (Chrono Boost)  
  44  3:53  Mothership Core (Chrono Boost)  
  46  3:59  Probe (Chrono Boost)  
  47  4:09  Probe (Chrono Boost)  
  48  4:13  Probe (Chrono Boost)  
  49  4:17  Stalker x2  
  49  4:20  Probe (Chrono Boost), Stalker  
  57  4:25  Probe (Chrono Boost)  
  57  4:26  Nexus  
  57  4:30  Probe (Chrono Boost)  
  59  4:41  Stalker  
  59  4:42  Stalker  
  62  4:49  Pylon x2  
  62  4:58  Probe (Chrono Boost), Pylon  
  58  5:07  Stalker x2  
  58  5:08  Stalker  
  58  5:10  Probe (Chrono Boost)  
  58  5:12  Probe (Chrono Boost)  
  66  5:15  Twilight Council  
  66  5:17  Forge  
  62  5:27  Probe (Chrono Boost)  
  62  5:28  Probe (Chrono Boost)  
  60  5:29  Robotics Facility  
  60  5:33  Assimilator  
  60  5:35  Assimilator  
  60  5:40  Void Ray  
  60  5:41  Probe (Chrono Boost)  
  58  5:43  Probe (Chrono Boost)  
  58  5:49  Resonating Glaives  
  62  5:53  Probe (Chrono Boost)  
  63  5:59  Protoss Ground Weapons Level 1  
  63  6:02  Probe (Chrono Boost)  
  63  6:03  Probe (Chrono Boost)  
  66  6:05  Probe (Chrono Boost)  
  66  6:14  Gateway  
  66  6:15  Gateway  
  66  6:17  Observer  
  66  6:18  Gateway  
  67  6:20  Probe (Chrono Boost)  
  67  6:21  Probe x2 (Chrono Boost)  
  67  6:34  Adept x2  
  67  6:35  Adept  
  67  6:38  Probe (Chrono Boost)  
  67  6:39  Probe x2 (Chrono Boost)  
  76  6:44  Phoenix  
  76  6:45  Immortal  
  76  6:54  Pylon  
  82  6:57  Probe (Chrono Boost)  
  82  6:58  Probe x2 (Chrono Boost), Pylon  
  85  7:07  Phoenix  
  85  7:10  Pylon  
  85  7:11  Probe x2 (Chrono Boost)  
  89  7:17  Sentry, Adept x3  
  89  7:19  Adept  
  99  7:23  Pylon  
  99  7:26  Adept  
  99  7:28  Pylon  
  101  7:34  Phoenix  
  103  7:38  Pylon  
  103  7:39  Probe (Chrono Boost)  
  103  7:40  Probe x2 (Chrono Boost)  
  106  7:49  Probe (Chrono Boost), Photon Cannon  
  108  7:52  Probe (Chrono Boost)  
  104  7:59  Phoenix  
  104  8:05  Adept x6  
  116  8:10  Probe x2 (Chrono Boost)  
  118  8:15  Robotics Bay  
  118  8:19  Protoss Ground Armor Level 1  
  116  8:21  Probe (Chrono Boost)  
  116  8:26  Pylon  
  119  8:27  Pylon, Phoenix  
  119  8:32  Adept x3  
  107  8:52  Phoenix  
  99  8:56  Adept  
  99  8:57  Adept x5  
  99  9:00  Immortal  
  107  9:07  Assimilator  
  107  9:08  Assimilator  
  109  9:17  Sentry, Adept x3  
  109  9:18  Adept  
  109  9:19  Zealot  
  122  9:46  Observer  
  122  9:52  Probe x2 (Chrono Boost)  
  119  9:53  Photon Cannon  
  119  9:56  Adept x6  
  108  10:20  Colossus  
  95  10:26  Adept x3  
  95  10:27  Adept x3  
  113  10:30  Protoss Ground Armor Level 2  
  113  10:33  Blink  
  111  10:39  Extended Thermal Lance, Probe x2 (Chrono Boost)  
  113  10:43  Robotics Facility  
  113  10:53  Sentry  
  115  10:59  Nexus  
  115  11:04  Pylon  
  115  11:10  Colossus  
  121  11:18  Sentry x2  
  125  11:31  Stalker x4  
  125  11:36  Colossus  
  125  11:37  Pylon  
  125  11:38  Probe x2 (Chrono Boost)  
  125  11:39  Probe (Chrono Boost)  
  124  11:41  Pylon  
  124  11:43  Pylon  
  130  11:47  Adept  
  130  11:48  Adept  
  130  11:50  Probe (Chrono Boost)  
  133  12:00  Colossus  
  133  12:02  Stalker  
  133  12:03  Adept x3  
  122  12:26  Stalker x4  
  122  12:27  Stalker x2  
  122  12:28  Immortal  
  134  12:49  Immortal  
  134  12:54  Pylon  
  134  12:57  Sentry x2  
  142  12:59  Nexus  
  142  13:01  Zealot, Adept x2  
  148  13:06  Pylon  
  148  13:08  Stalker  
  145  13:32  Adept x4  
  124  13:34  Adept x2  
Show
View Real Time Build Order
Export as new Build Order

SpeCial Terran - Winner!

Build Orders: Reaper Expand, MMM Bio 

Get SALT Encoding   

  12  0:00  SCV  
  13  0:12  SCV  
  14  0:17  Supply Depot  
  14  0:24  SCV  
  15  0:30  Refinery  
  15  0:38  SCV  
  16  0:44  Barracks  
  16  0:50  SCV  
  17  1:02  SCV  
  18  1:14  SCV  
  19  1:30  Orbital Command  
  19  1:31  Reaper  
  20  1:42  Command Center  
  20  1:51  Factory  
  20  1:56  SCV  
  21  2:04  Refinery  
  21  2:07  Barracks Reactor  
  21  2:09  SCV  
  22  2:16  Supply Depot  
  22  2:21  SCV  
  23  2:38  SCV  
  23  2:39  Starport  
  23  2:43  Widow Mine  
  26  2:44  Marine  
  26  2:45  Marine  
  26  2:50  SCV  
  29  2:55  Orbital Command  
  29  3:02  Marine x2, SCV  
  32  3:11  Widow Mine  
  34  3:15  Viking  
  36  3:20  Marine x2  
  36  3:23  SCV  
  36  3:25  SCV  
  40  3:31  Supply Depot  
  40  3:37  Armory  
  40  3:39  SCV  
  41  3:41  Factory Tech Lab  
  41  3:42  SCV  
  41  3:45  Marine x2  
  44  3:51  SCV  
  44  3:54  SCV  
  44  4:04  SCV  
  44  4:05  Supply Depot  
  44  4:06  Marine x2, SCV  
  48  4:16  SCV  
  49  4:18  SCV  
  49  4:24  Medivac  
  49  4:27  Thor  
  49  4:28  Marine x2  
  49  4:31  SCV x2  
  61  4:43  SCV x2  
  62  4:50  Marine  
  62  4:57  Marine, SCV  
  62  5:01  SCV  
  62  5:03  Supply Depot, Barracks  
  62  5:04  Barracks  
  59  5:08  Marine  
  59  5:14  Marine  
  58  5:25  Thor, Marine  
  58  5:26  SCV x2  
  65  5:29  Bunker  
  65  5:32  Marine  
  66  5:42  SCV x2  
  68  5:43  Marine  
  68  5:50  Marine  
  68  5:51  Barracks Tech Lab  
  68  5:52  Barracks Tech Lab  
  68  5:54  Engineering Bay, SCV  
  68  5:56  Refinery  
  70  6:00  Supply Depot  
  70  6:01  Marine, SCV  
  72  6:06  SCV  
  72  6:08  Marine  
  72  6:10  Marine  
  72  6:11  Combat Shields, Marine, Stimpack  
  76  6:12  Starport Reactor  
  76  6:13  SCV  
  77  6:19  Marine  
  77  6:21  Missile Turret  
  77  6:24  Terran Infantry Weapons Level 1  
  78  6:26  Marine  
  78  6:31  Marine x2  
  81  6:35  SCV x2  
  81  6:37  Marine  
  84  6:40  Supply Depot  
  84  6:46  Supply Depot, Command Center  
  84  6:49  Marine x2  
  86  6:54  Barracks  
  86  6:55  Barracks  
  86  6:56  Factory Reactor  
  86  6:58  Refinery  
  86  7:01  Supply Depot  
  86  7:02  Marine x2  
  86  7:04  SCV x2  
  86  7:08  Marine  
  90  7:09  Marauder  
  90  7:13  Medivac  
  90  7:14  Medivac  
  96  7:19  Marine  
  96  7:20  Marauder  
  96  7:21  Supply Depot  
  99  7:25  Engineering Bay  
  99  7:26  Supply Depot  
  99  7:27  Marine  
  100  7:32  Marauder  
  100  7:33  SCV x2  
  100  7:35  Widow Mine x2  
  108  7:39  Concussive Shells  
  108  7:41  Marauder  
  109  7:47  Medivac x2  
  112  7:52  SCV  
  112  7:53  SCV  
  112  7:54  Marine x2  
  112  7:55  Barracks Reactor, Marauder  
  112  7:56  Marauder  
  120  8:01  Supply Depot  
  120  8:05  Supply Depot, Terran Infantry Armor Level 1, SCV x2, Widow Mine  
  123  8:17  Medivac  
  123  8:20  Marine x2  
  123  8:21  Marauder x2  
  123  8:22  SCV x2  
  123  8:23  Orbital Command  
  123  8:25  Medivac  
  133  8:32  Supply Depot  
  133  8:35  SCV x2  
  126  8:42  Marine  
  126  8:43  Marauder  
  126  8:44  Widow Mine x2, Marauder, Marine  
  126  8:47  Marine  
  126  8:48  Marauder  
  128  8:52  Marine  
  119  9:00  Marine  
  119  9:04  Marauder  
  119  9:05  Marauder  
  123  9:10  SCV x3  
  123  9:12  Widow Mine  
  123  9:13  Widow Mine  
  123  9:14  Terran Infantry Weapons Level 2  
  123  9:15  Marine x2  
  123  9:16  Marauder  
  134  9:20  Liberator  
  134  9:24  Supply Depot  
  134  9:25  Supply Depot, Liberator, Refinery  
  134  9:26  Refinery  
  134  9:27  Marine x3  
  134  9:28  Supply Depot, Marauder  
  134  9:30  SCV  
  134  9:31  SCV x2  
  142  9:37  Marauder  
  147  9:41  Widow Mine x2  
  154  9:47  Marine x4  
  154  9:48  Marauder  
  154  9:49  Marauder  
  162  9:54  Supply Depot  
  162  9:56  SCV x3  
  151  10:07  Marauder, Marine  
  151  10:09  Marine  
  151  10:10  Widow Mine x2, Marauder, Marine  
  151  10:12  Marauder, Marine  
  140  10:25  Marine  
  140  10:27  Marine x2  
  135  10:29  Marauder  
  135  10:30  Marine  
  135  10:31  Marauder  
  135  10:34  Marauder  
  134  10:38  Terran Infantry Armor Level 2  
  134  10:42  Marine  
  134  10:45  Medivac x2, Marine x2, Command Center  
  134  10:47  Marine  
  142  10:50  Marauder  
  142  10:51  Starport, SCV x2  
  142  10:53  Marauder  
  142  10:55  Marauder  
  150  11:00  Marine  
  150  11:03  Marine x2  
  153  11:05  Marine  
  153  11:08  Supply Depot, Ghost Academy  
  154  11:12  Marauder, SCV x3  
  154  11:14  Marauder  
  154  11:17  Marauder  
  161  11:18  Marine  
  161  11:21  Marine x2  
  161  11:23  Marine  
  162  11:36  Marine  
  162  11:39  Supply Depot  
  174  11:41  Ghost x3, Marine  
  174  11:45  Marine  
  174  11:46  Viking x2  
  175  11:50  Viking  
  177  11:58  Planetary Fortress  
  177  11:59  Missile Turret  
  177  12:07  Marine x3  
  177  12:08  Marine  
  180  12:10  Marauder, Marine  
  180  12:21  Marauder  
  173  12:24  Marine x2  
  173  12:27  Marine  
  173  12:28  Marauder  
  175  12:31  Viking x4  
  175  12:35  Marine  
  184  12:38  Marauder  
  184  12:42  Marine  
  182  12:56  Marine x3  
  182  12:57  Marauder, Marine  
  188  12:59  Marine  
  188  13:01  Viking x2  
  193  13:19  Marine x4  
  198  13:20  Marauder, Marine  
  198  13:21  Supply Depot  
Tags
 
Add a new tag
Caveats
  • Supply blocks, unpowered buildings, or Contaminate may cause inaccurate times.
  • Supply counts are checked every 10 seconds.